 Dungeon Crawl Stone Soup version 0.27-a0-732-ga892ba84f6 (webtiles) character file.

Game seed: 13756966472978913382

56 robertstho the Sneak (level 3, -2/24 HPs)
             Began as an Octopode Brigand on Mar 23, 2021.
             Slain by a black bear (4 damage)
             ... on level 2 of the Dungeon.
             The game lasted 00:01:54 (1758 turns).

robertstho the Sneak (Octopode Brigand)             Turns: 1758, Time: 00:01:54

Health: -2/24      AC:  1    Str: 11    XL:     3   Next: 97%
Magic:  3/3        EV: 13    Int: 13    God:
Gold:   53         SH:  0    Dex: 13    Spells: 2/2 levels left

rFire    . . .     SeeInvis .   a - +2 dagger
rCold    . . .     Faith    .   (no shield)
rNeg     . . .     Spirit   .   (helmet restricted)
rPois    .         Reflect  .   (no amulet)
rElec    .         Harm     .   (no ring)
rCorr    .         Rampage  .   (no ring)
Will     .....                  (no ring)
Stlth    ++++......             (no ring)
HPRegen  0.08/turn              (no ring)
MPRegen  0.08/turn              (no ring)
                                (no ring)
                                (no ring)

@: no status effects
A: almost no armour, amphibious, 8 rings, camouflage 1, gelatinous body 1,
nimble swimmer 1, tentacles
a: no special abilities


You were on level 2 of the Dungeon.
You visited 1 branch of the dungeon, and saw 2 of its levels.

You collected 53 gold pieces.

Inventory:

Hand Weapons
 a - a +2 dagger (weapon)
Missiles
 b - 6 poisoned darts (quivered)
 c - 2 curare-tipped darts


   Skills:
 * Level 2.2 Fighting
 + Level 2.5 Short Blades
 + Level 2.0 Throwing
 * Level 1.6 Dodging
 * Level 6.6 Stealth


You had 2 spell levels left.
You didn't know any spells.
Your spell library was empty.

Dungeon Overview and Level Annotations

Branches:
Dungeon (2/15)

Altars:


Innate Abilities, Weirdness & Mutations

You cannot wear most types of armour.
You are amphibious.
You can wear up to eight rings at the same time.
Your skin changes colour to match your surroundings (Stealth+).
Your rubbery body absorbs attacks. (AC +1, EV +1)
You are stealthy while swimming. (Stealth+)
You have tentacles for arms and can constrict up to eight enemies at once.


Message History

The black bear is lightly wounded.
You constrict the black bear. The black bear closely misses you.
The black bear claws you. x2
You hit the black bear but do no damage.
The black bear is lightly wounded.
You constrict the black bear. The black bear bites you!
The black bear claws you.
* * * LOW HITPOINT WARNING * * *
The black bear claws you.
* * * LOW HITPOINT WARNING * * *
Throw: 8 darts (poison)
Press: ? - help, Q - select action, (/) - cycle Shift-Dir - straight line, f - black bear
Aim: a black bear (lightly wounded, constricted by you, 93% to hit)
You throw a poisoned dart.
The poisoned dart barely misses the black bear.
You constrict the black bear, but do no damage.
The black bear barely misses you.
The black bear claws you but does no damage.
The black bear claws you.
* * * LOW HITPOINT WARNING * * *
You release your grip on the black bear.
Things that are here:
a +0 dagger; a hobgoblin skeleton You see here a hobgoblin skeleton.
As you read the scroll labelled LUENURCHYIS, it crumbles to dust.
You feel aware of your surroundings.
It was a scroll of magic mapping.
The black bear misses you. The black bear closely misses you.
The black bear barely misses you.
You aren't carrying any potions.
Throw: 7 darts (poison)
Press: ? - help, Q - select action, (/) - cycle Shift-Dir - straight line, f/p - black bear
Aim: a black bear (lightly wounded, 67% to hit)
You throw a poisoned dart. The poisoned dart hits the black bear.
The black bear is lightly wounded.
Unknown command.
The black bear bites you but does no damage.
The black bear claws you.
* * * LOW HITPOINT WARNING * * *
The black bear claws you.
You die...

#)####### #รท# #.#
#.# #(# ###.###
***** #.....# *,,,*
#.h...####***,*,*
#.@........,,,*,*
#.....#####****,***
#.....# *,,,,
####### *****


You could see a black bear.

Vanquished Creatures
  2 adders (D:2)
  2 ball pythons (D:1)
  3 goblins (D:1)
  6 hobgoblins
  4 jackals (D:1)
  4 kobolds
  2 oozes
  A quokka (D:1)
  4 bats
  3 frilled lizards (D:1)
  2 rats
33 creatures vanquished.

Notes
Turn   | Place    | Note
-------+----------+-------------------------------------------
     0 | D:1      | robertstho the Octopode Brigand began the quest for the
                  | Orb.
     0 | D:1      | Reached XP level 1. HP: 14/14 MP: 1/1
   119 | D:1      | Reached XP level 2. HP: 17/19 MP: 2/2
   361 | D:1      | Reached skill level 6 in Stealth
   694 | D:1      | Reached XP level 3. HP: 24/24 MP: 3/3
  1216 | D:2      | Noticed a black bear
  1758 | D:2      | Slain by a black bear

Illustrated notes

Levels and vault maps discovered:
D:1:      scummos_arrival_checkerplants, layout_basic, serial_park_tiny_pond,
          minmay_hexomino_c4
D:2:      layout_loops_ring

Skill      XL: |  1  2 |
---------------+-------+-----
Stealth        | 6 |  6.6
Fighting       | |  2.2
Short Blades   | |  2.5
Throwing       | |  2.0
Dodging        | |  1.6

Action                   || total
-------------------------++-------
Melee: Dagger            ||    69
       Constrict         ||    15
       Tentacles         ||     7
Throw: Dart              ||     2
  Use: Scroll            ||     3
 Stab: Sleeping          ||    11
Armor: Skin              ||    10
Dodge: Dodged            ||    49

Table legend: (Time is in decaauts)
 A = Elapsed time spent in this place.
 B = Non-inter-level travel time spent in this place.
 C = Inter-level travel time spent in this place.
 D = Time resting spent in this place.
 E = Time spent auto-exploring this place.
 F = Levels seen in this place.
 G = Mean time per level.
                   A        B        C        D        E       F      G
               +--------+--------+--------+--------+--------+-----+--------+
         Total |   1751 |   1701 |     50 |    162 |   1305 |   2 |  875.5 |
       Dungeon |   1751 |   1701 |     50 |    162 |   1305 |   2 |  875.5 |
               +--------+--------+--------+--------+--------+-----+--------+

Top non-repeatable levels by time:
     D:1: 1404 daAuts
     D:2: 347 daAuts
